 Dungeon Crawl Stone Soup version 0.22-a0-447-gee5f723 (webtiles) character file.

830 nikopol the Magician (level 7, -2/36 HPs)
             Began as a Deep Elf Fire Elementalist on June 3, 2018.
             Shot with an arrow by a centaur (10 damage)
             ... on level 5 of the Dungeon.
             The game lasted 00:16:25 (5642 turns).

nikopol the Magician (Deep Elf Fire Elementalist)   Turns: 5642, Time: 00:16:26

Health: -2/36      AC:  4    Str:  5    XL:     7   Next: 65%
Magic:  9/19       EV: 13    Int: 22    God:
Gold:   209        SH:  0    Dex: 15    Spells: 5/20 levels left

rFire    . . .     SeeInvis .   A - +2 short sword (venom)
rCold    . . .     Gourm    .   (no shield)
rNeg     . . .     Faith    .   a - +0 robe
rPois    .         Spirit   .   (no helmet)
rElec    .         Reflect  .   m - +0 cloak
rCorr    .         Harm     .   (no gloves)
MR       .....                  h - +0 pair of boots
Stlth    +++.......             (no amulet)
HPRegen  0.12/turn              (no ring)
MPRegen  0.16/turn              (no ring)

@: very slightly contaminated
A: no striking features
a: no special abilities


You were on level 5 of the Dungeon.
You were not hungry.

You visited 1 branch of the dungeon, and saw 5 of its levels.

You collected 209 gold pieces.

Inventory:

Hand Weapons
 y - a +2 whip of venom
 A - a +2 short sword of venom (weapon)
Armour
 a - a +0 robe (worn)
 h - a +0 pair of boots (worn)
 m - a +0 cloak (worn)
Jewellery
 n - an uncursed amulet of guardian spirit {unknown}
 t - an uncursed ring of poison resistance {unknown}
Scrolls
 b - 4 scrolls of teleportation {unknown}
 d - a scroll of immolation {unknown}
 e - 2 scrolls of fog {unknown}
 k - 2 scrolls of magic mapping {unknown}
 l - 2 scrolls of amnesia {unknown}
 o - a scroll of fear {unknown}
 q - 4 scrolls of remove curse {unknown}
 u - 2 scrolls of enchant armour {unknown}
 v - 3 scrolls of enchant weapon {unknown}
 w - a scroll of blinking {unknown}
 x - a scroll of identify {unknown}
Potions
 f - 2 potions of brilliance {unknown}
 g - 4 potions of curing {unknown}
 i - a potion of degeneration {unknown}
 j - 2 potions of agility {unknown}
 p - 3 potions of heal wounds {unknown}
 r - 2 potions of magic {unknown}
 s - a potion of flight {unknown}
 z - 2 potions of lignification {unknown}
Comestibles
 c - 6 rations


   Skills:
 + Level 3.0 Dodging
 + Level 3.7 Stealth
 + Level 7.1 Spellcasting
 + Level 4.6 Conjurations
 + Level 6.3 Fire Magic


You had 5 spell levels left.
You knew the following spells:

 Your Spells              Type           Power        Failure   Level  Hunger
a - Flame Tongue          Conj/Fire      ####.        1%          1    None
b - Throw Flame           Conj/Fire      ####..       1%          2    None
c - Conjure Flame         Conj/Fire      ####....     2%          3    None
d - Sticky Flame          Conj/Fire      ####....     9%          4    ###....
e - Fireball              Conj/Fire      ####......   24%         5    #####..

Your spell library contained the following spells:

 Spells                   Type           Power        Failure   Level  Hunger
 Shadow Creatures         Summ           N/A          100%        6    ######.
 Ensorcelled Hibernation  Hex/Ice        #.....       12%         2    None
 Silence                  Hex/Air        #.........   92%         5    #####..
 Darkness                 Hex            #.........   100%        6    ######.
 Inner Flame              Hex/Fire       ###.....     7%          3    None
 Borgnjor's Vile Clutch   Necr/Erth      #.........   92%         5    #####..


Dungeon Overview and Level Annotations

Branches:
Dungeon (5/15)
 Temple: D:4-7

Altars:
Cheibriados
Dithmenos
Okawaru
Wu Jian
Zin

Annotations:
D:5 nikopol's ghost, novice DEFE


Message History

* * * LOW HITPOINT WARNING * * *
You see here 2 arrows.
Casting: Flame Tongue (safe; 1% risk of failure)
Confirm with . or Enter, or press ? or * to list all spells.
Aiming: Fireball (quite dangerous; 24% risk of failure)
Press: ? - help, Shift-Dir - straight line, f - centaur
Aim: a centaur, wielding a shortbow The fireball explodes!
The fireball engulfs the centaur.
The centaur is heavily wounded.
The centaur shoots an arrow.
The arrow closely misses you.
Casting: Fireball (quite dangerous; 24% risk of failure)
Confirm with . or Enter, or press ? or * to list all spells.
Aiming: Fireball (quite dangerous; 24% risk of failure)
Press: ? - help, Shift-Dir - straight line, f/p - centaur
Aim: a centaur, wielding a shortbow (heavily wounded)
You miscast Fireball.
You are very lightly contaminated with residual magic.
You hear a sizzling sound.
The centaur shoots an arrow.
The arrow hits you!
You die...

....#.....##
#..#.#.....#
#.#._.#....#
#..#.#.....########
#...#.............#
#.......#..######.#
#.#........# #.#
..###'#(#####..#### #.#
......%@#<.[......###.#
...c....####..........#
...................####
.......#####.......#_#
....... #.......#'#
####### ###..(#...#
##..##### ####...###
###### ##........#


You could see a centaur.

Vanquished Creatures
  Grinder (D:3)
  Menkaure (D:4)
  The ghost of Sergey the Ruffian, an amateur MiTm (D:4)
  A hound (D:4)
  A gnoll shaman (D:4)
  3 orc priests
  A centaur skeleton (D:4)
  An orc wizard (D:5)
  7 gnolls
  4 adders
  2 oozes (D:1)
  An adder zombie (D:5)
  4 worms
  2 dart slugs
  A leopard gecko (D:4)
  17 orcs
  A giant cockroach (D:1)
  12 goblins
  11 hobgoblins
  3 quokkas
  9 bats
  4 frilled lizards
  2 jackal skeletons
  6 kobolds
  9 rats
  A plant (D:1)
106 creatures vanquished.

Notes
Turn   | Place    | Note
-------+----------+-------------------------------------------
     0 | D:1      | nikopol the Deep Elf Fire Elementalist began the quest for the Orb.
     0 | D:1      | Reached XP level 1. HP: 10/10 MP: 6/6
   164 | D:1      | Reached XP level 2. HP: 13/15 MP: 4/8
   590 | D:1      | Reached XP level 3. HP: 19/19 MP: 6/10
   595 | D:1      | Learned a level 2 spell: Throw Flame
   599 | D:1      | Learned a level 3 spell: Conjure Flame
  1618 | D:2      | Reached XP level 4. HP: 24/24 MP: 2/11
  2400 | D:3      | Reached skill level 4 in Spellcasting
  2519 | D:3      | Reached XP level 5. HP: 28/28 MP: 11/14
  2928 | D:3      | Reached skill level 5 in Fire Magic
  2938 | D:3      | Learned a level 4 spell: Sticky Flame
  3354 | D:3      | Noticed Grinder
  3357 | D:3      | Paralysed by Grinder for 2 turns
  3403 | D:3      | Killed Grinder
  3403 | D:3      | Reached skill level 5 in Spellcasting
  3403 | D:3      | Reached XP level 6. HP: 26/32 MP: 5/16
  3467 | D:3      | Found a glowing silver altar of Zin.
  3598 | D:4      | Reached skill level 6 in Spellcasting
  3706 | D:4      | Found an ornate altar of the Wu Jian Council.
  4279 | D:4      | Reached XP level 7. HP: 36/36 MP: 11/18
  4358 | D:4      | Found a shadowy altar of Dithmenos.
  4397 | D:4      | Noticed Sergey's ghost (amateur MiTm)
  4413 | D:4      | Killed Sergey's ghost
  4487 | D:5      | Entered Level 5 of the Dungeon
  4488 | D:5      | Noticed Menkaure
  4928 | D:5      | Noticed nikopol's ghost (novice DEFE)
  5252 | D:4      | Killed Menkaure
  5252 | D:4      | Reached skill level 7 in Spellcasting
  5518 | D:5      | Found a snail-covered altar of Cheibriados.
  5545 | D:5      | Found an iron altar of Okawaru.
  5603 | D:5      | Learned a level 5 spell: Fireball
  5642 | D:5      | Shot with an arrow by a centaur

Vault maps used:
D:1:      dpeg_arrival_three_smaller_balls, st_stairs_3, serial_bayou_lagoon_a
D:2:      first_ration
D:3:      lemuel_coloured_pillars_altar, serial_glass, glass_columns_b,
          glass_columns_b, glass_columns_b, glass_columns_a, glass_columns_a,
          glass_columns_c, feat_on_display, uniq_grinder
D:4:      marbit_many_paths, nicolae_overflow_crystal_walls
D:5:      kennysheep_mini, minmay_misc_feat_hallway, okawaru_metal_pillars_3,
          uniq_menkaure

Skill      XL: |  1  2  3  4  5  6  7 |
---------------+----------------------+-----
Fire Magic     | 4 5 6 |  6.3
Stealth        | 3 |  3.7
Spellcasting   | 4 5 6 7 |  7.1
Conjurations   | 2 3 4 |  4.6
Dodging        | 3 |  3.0

Action                   |  1- 3 |  4- 6 |  7- 9 || total
-------------------------+-------+-------+-------++-------
Melee: Unarmed           |     1 |     2 |       ||     3
 Cast: Flame Tongue      |    88 |   105 |    46 ||   239
       Throw Flame       |       |     5 |     4 ||     9
       Sticky Flame      |       |     2 |     3 ||     5
       Conjure Flame     |       |     1 |     2 ||     3
       Fireball          |       |       |     1 ||     1
  Eat: Chunk             |     2 |     8 |     5 ||    15
Armor: Robe              |     3 |     6 |     2 ||    11
Dodge: Dodged            |    20 |    19 |    12 ||    51

Table legend:
 A = Spawn XP
 B = Non-spawn XP
 C = Spawn XP percentage of total XP
 D = Spawn monster count
 E = Non-spawn monster count
 F = Spawn count percentage of total count
 G = Total turns spent on level
                    A         B        C        D         E        F      G
               +---------+---------+-------+---------+---------+-------+---------
         Total |       0 |    1186 |   0.0 |       0 |     105 |   0.0 |  5642
               +---------+---------+-------+---------+---------+-------+---------
           D:1 |       0 |      54 |   0.0 |       0 |      26 |   0.0 |  1121
           D:2 |       0 |     105 |   0.0 |       0 |      24 |   0.0 |  1385
           D:3 |       0 |     422 |   0.0 |       0 |      27 |   0.0 |  1239
           D:4 |       0 |     496 |   0.0 |       0 |      18 |   0.0 |  1359
           D:5 |       0 |     109 |   0.0 |       0 |      10 |   0.0 |   538
               +---------+---------+-------+---------+---------+-------+---------
